Capitals vs Blues
Created - 27 mars 2017 at 21:06
Goals
|
| Capitals |
2 |
1 |
2 |
0 |
0 |
5 |
| Blues |
2 |
2 |
1 |
0 |
1 |
6 |
|
Shots
|
| Capitals |
6 |
6 |
8 |
2 |
3 |
22 |
| Blues |
10 |
18 |
6 |
0 |
2 |
34 |
|
1st period
1. Blues , Nicklas Backstrom 24 (Sergei Shirokov, Travis Hamonic) at 3:08
2. Blues , Nicklas Backstrom 25 (Alex Pietrangelo, Jake Gardiner) at 10:16 (PP)
3. Capitals , Shane Doan 5 (Zdeno Chara, Mike Hoffman) at 18:06
4. Capitals , Patrick Marleau 22 (Joe Thornton, Jarome Iginla) at 18:36 (PP)
Penalties :
Daniel Briere (Was) for Interference (Minor) at 8:56, Joe Thornton (Was) for Hooking (Minor) at 13:26, Jake Gardiner (STL) for Hooking (Minor) at 18:28
2nd period
5. Capitals , Joe Thornton 16 (Jarome Iginla, Patrick Marleau) at 14:09 (PP)
6. Blues , Nicklas Backstrom 26 (David Perron, Cody Franson) at 16:40
7. Blues , David Perron 32 (Sergei Shirokov, Jake Gardiner) at 19:16
Penalties :
Patrick Marleau (Was) for Hooking (Minor) at 6:31, Antti Miettinen (STL) for Hooking (Minor) at 8:53, Sergei Shirokov (STL) for Hooking (Minor) at 14:01
3rd period
8. Capitals , Shane Doan 6 (Ryan Callahan) at 2:52
9. Blues , Sergei Shirokov 15 (Nicklas Backstrom, David Perron) at 3:54
10. Capitals , Ryan Callahan 10 (Zdeno Chara, Brian Boyle) at 6:14
Penalties :
Taylor Hall (STL) for High sticking (Minor) at 10:02
Overtime #1
No Goal
Penalties :
No Penalty
Shootout
Penalty Shot by Joe Thornton for Capitals - Shot Hit the Post
Penalty Shot by David Perron for Blues - Goal!
Penalty Shot by Daniel Briere for Capitals - Shot Misses the Net
Penalty Shot by Antti Miettinen for Blues - Shot Misses the Net
Penalty Shot by Jarome Iginla for Capitals - Stopped by Tuukka Rask
Penalties :
No Penalty
Goalie Stats
Niklas Treutle (Was), 29 saves from 34 shots - (0,853), OTL, 0-1-1, 65:00 minutes
Tuukka Rask (STL), 17 saves from 22 shots - (0,773), W, 26-15-6, 65:00 minutes
Players Stats for Capitals
Player Name G A P +/- PIM S H SB GA TA FO MP PP MP PK MP
------------------------------------------------------------------------------------
Brian Boyle 0 1 1 1 0 0 3 0 0 0 3/8 14:48 0:00 2:27
Chris Phillips 0 0 0 0 0 0 1 1 3 2 0/0 30:22 2:31 3:18
Daniel Briere 0 0 0 -2 2 2 0 0 2 0 9/13 19:10 1:42 2:15
Erik Cole 0 0 0 -2 0 1 2 1 1 0 0/2 14:55 1:42 0:00
Erik Karlsson 0 0 0 0 0 0 2 0 1 0 0/0 12:59 0:00 0:00
Jamie Langenbrunner 0 0 0 -2 0 0 0 0 0 0 0/1 14:56 1:42 0:00
Jarome Iginla 0 2 2 -2 0 3 2 0 1 2 2/2 22:58 2:13 1:28
Joe Thornton 1 1 2 -2 2 4 1 1 1 0 14/34 24:42 2:32 2:15
Marek Zidlicky 0 0 0 -1 0 0 4 1 1 0 0/0 21:26 1:43 2:00
Mark Giordano 0 0 0 0 0 0 2 0 0 0 0/0 13:16 0:00 0:00
Mike Hoffman 0 1 1 2 0 0 0 0 1 0 0/0 7:33 0:00 0:00
Ondrej Palat 0 0 0 1 0 0 1 0 0 0 0/0 12:49 0:00 1:01
Patrick Marleau 1 1 2 -2 2 3 0 0 1 0 2/3 22:08 2:13 0:39
Ryan Callahan 1 1 2 1 0 5 1 0 1 1 0/0 13:24 0:19 0:00
Shane Doan 2 0 2 2 0 3 0 0 0 0 0/0 9:12 0:19 0:00
Tom Preissing 0 0 0 -1 0 1 2 2 1 1 0/0 21:35 1:43 2:00
Tyler Seguin 0 0 0 2 0 0 0 0 1 0 2/3 8:04 0:00 0:31
Zdeno Chara 0 2 2 0 0 0 1 0 0 2 0/0 30:22 2:31 3:18
Players Stats for Blues
Player Name G A P +/- PIM S H SB GA TA FO MP PP MP PK MP
------------------------------------------------------------------------------------
Alex Pietrangelo 0 1 1 0 0 5 2 0 1 0 0/0 27:02 3:49 0:00
Antti Miettinen 0 0 0 -2 2 1 0 1 0 0 0/0 7:42 0:00 0:00
Bryce Lampman 0 0 0 0 0 1 2 4 0 3 0/0 27:22 1:29 2:27
Cody Franson 0 1 1 1 0 1 2 0 1 0 0/0 15:48 1:29 1:47
David Perron 1 2 3 4 0 3 3 1 0 0 0/1 24:16 3:39 0:36
Drew Fata 0 0 0 1 0 0 0 1 0 5 0/0 18:56 0:00 1:47
Drew Stafford 0 0 0 0 0 0 2 0 0 0 1/1 17:10 3:39 0:53
Jake Gardiner 0 2 2 0 2 0 1 0 0 2 0/0 23:16 3:49 0:00
Kevin Porter 0 0 0 -2 0 0 0 0 1 0 0/1 7:10 0:00 0:00
Nicklas Backstrom 3 1 4 4 0 7 3 0 1 0 20/35 24:09 3:39 1:11
Nik Antropov 0 0 0 -1 0 2 0 1 1 1 5/12 14:11 0:00 2:10
Paul Kariya 0 0 0 -2 0 1 1 0 0 0 0/0 7:22 0:00 0:00
Sergei Shirokov 1 2 3 4 2 7 4 0 1 0 1/2 21:11 1:39 0:00
Taylor Hall 0 0 0 0 2 2 2 0 0 1 0/0 17:07 1:39 0:36
Taylor Pyatt 0 0 0 -1 0 1 1 0 1 0 0/0 14:16 0:00 2:09
Tomas Kopecky 0 0 0 -1 0 1 2 0 0 0 0/0 13:32 0:00 0:00
Travis Hamonic 0 1 1 0 0 0 2 1 1 2 0/0 17:35 0:00 2:27
Travis Zajac 0 0 0 0 0 2 0 0 0 1 7/14 17:37 1:39 0:53
3 Stars
1 - Nicklas Backstrom (STL)
2 - David Perron (STL)
3 - Sergei Shirokov (STL)
Power Play
Capitals - 2 on 4 Attempt(s) - 50,00%
Blues - 1 on 3 Attempt(s) - 33,33%
Penalty Kill
Capitals - 2 on 3 Attempt(s) - 66,67%
- Score 0 goal in Penalty Kill
Blues - 2 on 4 Attempt(s) - 50,00%
- Score 0 goal in Penalty Kill
Team Stat
Capitals - Hits : 22 - Faceoff Wins : 32 - Blocked Shots : 6 - Penalty Minutes : 6
Blues - Hits : 27 - Faceoff Wins : 34 - Blocked Shots : 9 - Penalty Minutes : 8
Official
Referees : Furlatt Eric and Kowal Tom
Linesman : Darren Gibbs and Lonnie Cameron
Game Notes
Nicklas Backstrom has scored a Hat Trick!
Finance
Level 1 -- Attendance: 6000 (100,00%) -- Ticket Income 504 000 $
Level 2 -- Attendance: 4776 (95,52%) -- Ticket Income 248 352 $
Level 3 -- Attendance: 1829 (91,45%) -- Ticket Income 54 870 $
Level 4 -- Attendance: 4000 (100,00%) -- Ticket Income 76 000 $
Luxury Box -- Attendance: 754 (75,40%) -- Ticket Income 127 426 $
Game was played at the Scotttrade center.
Total Attendance: 17359 (96,44%)
Total Ticket Income: 1 010 648 $
Other Income: 151 597 $
Total Income: 1 162 245 $
Capitals
5 vs 5 Forward
Center Left Wing Right Wing Time % Phy DF OF
1 Joe Thornton Patrick Marleau Jarome Iginla 40 1 2 2
2 Daniel Briere Erik Cole Jamie Langenbrunner 30 1 2 2
3 Brian Boyle Ondrej Palat Ryan Callahan 20 1 2 2
4 Tyler Seguin Mike Hoffman Shane Doan 10 1 2 2
5 vs 5 Defense
Defense Defense Time % Phy DF OF
1 Chris Phillips Zdeno Chara 40 1 2 2
2 Marek Zidlicky Tom Preissing 30 1 2 2
3 Mark Giordano Erik Karlsson 20 1 2 2
4 Chris Phillips Zdeno Chara 10 1 2 2
PowerPlay Forward
Center Left Wing Right Wing Time % Phy DF OF
1 Joe Thornton Patrick Marleau Jarome Iginla 60 1 2 2
2 Daniel Briere Erik Cole Jamie Langenbrunner 40 1 2 2
PowerPlay Defense
Defense Defense Time % Phy DF OF
1 Chris Phillips Zdeno Chara 60 1 2 2
2 Marek Zidlicky Tom Preissing 40 1 2 2
Penalty Kill 4 Players Forward
Center Wing Time % Phy DF OF
1 Joe Thornton Daniel Briere 60 1 2 2
2 Jarome Iginla Patrick Marleau 40 1 2 2
Penalty Kill 4 Players Defense
Defense Defense Time % Phy DF OF
1 Chris Phillips Zdeno Chara 60 1 2 2
2 Marek Zidlicky Tom Preissing 40 1 2 2
Penalty Kill - 3 Players Forward
Forward Time % Phy DF OF
1 Joe Thornton 60 1 2 2
2 Daniel Briere 40 1 2 2
Penalty Kill - 3 Players Defense
Defense Defense Time % Phy DF OF
1 Chris Phillips Zdeno Chara 60 1 2 2
2 Marek Zidlicky Tom Preissing 40 1 2 2
4 vs 4 Forward
Center Wing Time % Phy DF OF
1 Joe Thornton Daniel Briere 60 1 2 2
2 Jarome Iginla Patrick Marleau 40 1 2 2
4 vs 4 Defense
Defense Defense Time % Phy DF OF
1 Chris Phillips Zdeno Chara 60 1 2 2
2 Marek Zidlicky Tom Preissing 40 1 2 2
Last Minutes Offensive
Center Left Wing Right Wing Defense Defense
Joe Thornton Patrick Marleau Jarome Iginla Chris Phillips Zdeno Chara
Last Minutes Defensive
Center Left Wing Right Wing Defense Defense
Joe Thornton Patrick Marleau Jarome Iginla Chris Phillips Zdeno Chara
Goaltenders
Starting : Niklas Treutle
Backup : Jonas Gustavsson
Extra Forwards
Normal : Ryan Callahan, Shane Doan, Brian Boyle - PP : Ryan Callahan, Shane Doan - PK : Brian Boyle
Extra Defensemen
Normal : Mark Giordano, Erik Karlsson, Marek Zidlicky - PP : Mark Giordano - PK : Erik Karlsson, Marek Zidlicky
Penalty Shots
Joe Thornton, Daniel Briere, Jarome Iginla, Patrick Marleau, Jamie Langenbrunner
Blues
5 vs 5 Forward
Center Left Wing Right Wing Time % Phy DF OF
1 Nicklas Backstrom David Perron Sergei Shirokov 40 1 2 2
2 Travis Zajac Taylor Hall Drew Stafford 30 1 2 2
3 Nik Antropov Taylor Pyatt Tomas Kopecky 20 1 2 2
4 Kevin Porter Paul Kariya Antti Miettinen 10 1 2 2
5 vs 5 Defense
Defense Defense Time % Phy DF OF
1 Bryce Lampman Alex Pietrangelo 40 1 2 2
2 Travis Hamonic Jake Gardiner 30 1 2 2
3 Drew Fata Cody Franson 20 1 2 2
4 Jake Gardiner Drew Fata 10 1 2 2
PowerPlay Forward
Center Left Wing Right Wing Time % Phy DF OF
1 Nicklas Backstrom David Perron Drew Stafford 60 1 2 2
2 Travis Zajac Taylor Hall Sergei Shirokov 40 1 2 2
PowerPlay Defense
Defense Defense Time % Phy DF OF
1 Jake Gardiner Alex Pietrangelo 60 1 2 2
2 Cody Franson Bryce Lampman 40 1 2 2
Penalty Kill 4 Players Forward
Center Wing Time % Phy DF OF
1 Nik Antropov Taylor Pyatt 60 1 2 2
2 Travis Zajac Drew Stafford 40 1 2 2
Penalty Kill 4 Players Defense
Defense Defense Time % Phy DF OF
1 Travis Hamonic Bryce Lampman 60 1 2 2
2 Cody Franson Drew Fata 40 1 2 2
Penalty Kill - 3 Players Forward
Forward Time % Phy DF OF
1 Nik Antropov 60 1 2 2
2 Taylor Pyatt 40 1 2 2
Penalty Kill - 3 Players Defense
Defense Defense Time % Phy DF OF
1 Travis Hamonic Drew Fata 60 1 2 2
2 Bryce Lampman Jake Gardiner 40 1 2 2
4 vs 4 Forward
Center Wing Time % Phy DF OF
1 Travis Zajac David Perron 60 1 2 2
2 Nicklas Backstrom Taylor Hall 40 1 2 2
4 vs 4 Defense
Defense Defense Time % Phy DF OF
1 Bryce Lampman Alex Pietrangelo 60 1 2 2
2 Drew Fata Jake Gardiner 40 1 2 2
Last Minutes Offensive
Center Left Wing Right Wing Defense Defense
Nicklas Backstrom David Perron Sergei Shirokov Jake Gardiner Alex Pietrangelo
Last Minutes Defensive
Center Left Wing Right Wing Defense Defense
Nik Antropov David Perron Drew Stafford Bryce Lampman Drew Fata
Goaltenders
Starting : Tuukka Rask
Backup : Jeff Deslauriers
Extra Forwards
Normal : Travis Zajac, Sergei Shirokov, Tomas Kopecky - PP : Paul Kariya, David Perron - PK : Taylor Pyatt
Extra Defensemen
Normal : Drew Fata, Cody Franson, Jake Gardiner - PP : Bryce Lampman - PK : Travis Hamonic, Jake Gardiner
Penalty Shots
David Perron, Antti Miettinen, Travis Zajac, Nik Antropov, Sergei Shirokov
% Time on Ice - Capitals
Lines # - Real PCT - Wanted PCT - Time Play
Normal Forward
1 - 36% - 40% - 18:08
2 - 27% - 30% - 13:23
3 - 23% - 20% - 11:24
4 - 15% - 10% - 7:33
Normal Defense
1 - 39% - 40% - 19:56
2 - 31% - 30% - 15:52
3 - 24% - 20% - 12:18
4 - 5% - 10% - 2:22
PP Forward
1 - 60% - 60% - 2:32
2 - 40% - 40% - 1:42
PP Defense
1 - 59% - 60% - 2:31
2 - 41% - 40% - 1:43
PK Forward
1 - 72% - 60% - 3:50
2 - 28% - 40% - 1:28
PK Defense
1 - 62% - 60% - 3:18
2 - 38% - 40% - 2:00
PK3 Forward
1 - 0% - 60%
2 - 0% - 40%
PK3 Defense
1 - 0% - 60%
2 - 0% - 40%
44 Forward
1 - 74% - 60% - 3:42
2 - 26% - 40% - 1:18
44 Defense
1 - 56% - 60% - 2:47
2 - 44% - 40% - 2:13
Last Minute Offensive - 0:00
Last Minute Defensive - 0:00
Total
Forward - 65:00
Defense - 65:00
|
% Time on Ice - Blues
Lines # - Real PCT - Wanted PCT - Time Play
Normal Forward
1 - 37% - 40% - 18:40
2 - 25% - 30% - 12:42
3 - 24% - 20% - 11:56
4 - 14% - 10% - 7:10
Normal Defense
1 - 41% - 40% - 20:48
2 - 31% - 30% - 15:38
3 - 22% - 20% - 10:56
4 - 6% - 10% - 3:06
PP Forward
1 - 69% - 60% - 3:39
2 - 31% - 40% - 1:39
PP Defense
1 - 72% - 60% - 3:49
2 - 28% - 40% - 1:29
PK Forward
1 - 79% - 60% - 3:21
2 - 21% - 40% - 0:53
PK Defense
1 - 58% - 60% - 2:27
2 - 42% - 40% - 1:47
PK3 Forward
1 - 0% - 60%
2 - 0% - 40%
PK3 Defense
1 - 0% - 60%
2 - 0% - 40%
44 Forward
1 - 87% - 60% - 4:20
2 - 13% - 40% - 0:40
44 Defense
1 - 59% - 60% - 2:58
2 - 41% - 40% - 2:02
Last Minute Offensive - 0:00
Last Minute Defensive - 0:00
Total
Forward - 65:00
Defense - 65:00
|
Play by Play
1st period
0:01 of 1st period - Nicklas Backstrom wins face-off versus Joe Thornton in neutral zone.
0:27 of 1st period - Daniel Briere is hit by Alex Pietrangelo and loses puck.
0:34 of 1st period - Snap shot by Travis Zajac.
0:34 of 1st period - Stopped by Niklas Treutle without a rebound.
0:35 of 1st period - Nik Antropov wins face-off versus Brian Boyle in Capitals zone.
1:08 of 1st period - Slapshot by Shane Doan.
1:08 of 1st period - Shot Misses the Net.
2:01 of 1st period - Bryce Lampman is hit by Erik Cole and loses puck.
2:20 of 1st period - Bryce Lampman is hit by Erik Karlsson and loses puck.
2:37 of 1st period - Snap shot by Taylor Pyatt.
2:37 of 1st period - Shot Hit the Post.
2:55 of 1st period - Zdeno Chara is hit by Sergei Shirokov and loses puck.
3:08 of 1st period - Wrist shot by Nicklas Backstrom.
3:08 of 1st period - Goal by Nicklas Backstrom - Capitals : 0 - Blues : 1.
3:09 of 1st period - Daniel Briere wins face-off versus Nicklas Backstrom in neutral zone.
3:12 of 1st period - Snap shot by Nicklas Backstrom.
3:12 of 1st period - Stopped by Niklas Treutle without a rebound.
3:13 of 1st period - Daniel Briere wins face-off versus Nicklas Backstrom in Capitals zone.
4:04 of 1st period - Wrist shot by Taylor Hall.
4:04 of 1st period - Stopped by Niklas Treutle with a rebound.
6:27 of 1st period - Taylor Hall is hit by Brian Boyle and loses puck.
8:21 of 1st period - Wrist shot by Ryan Callahan.
8:21 of 1st period - Stopped by Tuukka Rask with a rebound.
8:37 of 1st period - Snap shot by Erik Cole.
8:37 of 1st period - Stopped by Tuukka Rask without a rebound.
8:38 of 1st period - Daniel Briere wins face-off versus David Perron in Blues zone.
8:56 of 1st period - Minor Penalty to Daniel Briere for Interference.
8:57 of 1st period - Drew Stafford wins face-off versus Joe Thornton in Capitals zone.
9:00 of 1st period - Slapshot by Alex Pietrangelo.
9:00 of 1st period - Stopped by Niklas Treutle with a rebound.
9:12 of 1st period - Slapshot by Alex Pietrangelo.
9:12 of 1st period - Stopped by Niklas Treutle without a rebound.
9:13 of 1st period - Nicklas Backstrom wins face-off versus Joe Thornton in Capitals zone.
9:22 of 1st period - Wrist shot by Nicklas Backstrom.
9:22 of 1st period - Deflect By Drew Stafford.
9:22 of 1st period - Shot Blocked by Joe Thornton.
9:22 of 1st period - Puck is out of play.
9:23 of 1st period - Joe Thornton wins face-off versus Nicklas Backstrom in Capitals zone.
9:58 of 1st period - Slapshot by Alex Pietrangelo.
9:58 of 1st period - Shot Misses the Net.
10:16 of 1st period - Wrist shot by Nicklas Backstrom.
10:16 of 1st period - Goal by Nicklas Backstrom - Capitals : 0 - Blues : 2.
10:17 of 1st period - Jarome Iginla wins face-off versus Nik Antropov in neutral zone.
11:51 of 1st period - Icing by Jarome Iginla.
11:52 of 1st period - Joe Thornton wins face-off versus Travis Zajac in Capitals zone.
12:19 of 1st period - Zdeno Chara is hit by Travis Hamonic and loses puck.
12:40 of 1st period - Nik Antropov is hit by Marek Zidlicky and loses puck.
13:24 of 1st period - Wrist shot by Tomas Kopecky.
13:24 of 1st period - Shot Misses the Net.
13:26 of 1st period - Minor Penalty to Joe Thornton for Hooking.
13:27 of 1st period - Nicklas Backstrom wins face-off versus Brian Boyle in Capitals zone.
13:28 of 1st period - Backhand shot by Alex Pietrangelo.
13:28 of 1st period - Stopped by Niklas Treutle without a rebound.
13:29 of 1st period - Brian Boyle wins face-off versus Nicklas Backstrom in Capitals zone.
15:26 of 1st period - Penalty to Joe Thornton is over, Joe Thornton is back on ice.
16:21 of 1st period - Icing by Erik Karlsson.
16:22 of 1st period - Travis Zajac wins face-off versus Daniel Briere in Capitals zone.
16:25 of 1st period - Wrist shot by Taylor Hall.
16:25 of 1st period - Stopped by Niklas Treutle with a rebound.
17:40 of 1st period - Slapshot by Jake Gardiner.
17:40 of 1st period - Deflect By Taylor Pyatt.
17:40 of 1st period - Stopped by Niklas Treutle with a rebound.
17:46 of 1st period - Snap shot by Tomas Kopecky.
17:46 of 1st period - Shot Misses the Net.
18:02 of 1st period - Wrist shot by Mike Hoffman.
18:02 of 1st period - Shot Misses the Net.
18:06 of 1st period - Slapshot by Shane Doan.
18:06 of 1st period - Goal by Shane Doan - Capitals : 1 - Blues : 2.
18:07 of 1st period - Joe Thornton wins face-off versus Nicklas Backstrom in neutral zone.
18:28 of 1st period - Minor Penalty to Jake Gardiner for Hooking.
18:29 of 1st period - Joe Thornton wins face-off versus Nik Antropov in Blues zone.
18:30 of 1st period - Snap shot by Jarome Iginla.
18:30 of 1st period - Stopped by Tuukka Rask without a rebound.
18:31 of 1st period - Joe Thornton wins face-off versus Nik Antropov in Blues zone.
18:36 of 1st period - Slapshot by Patrick Marleau.
18:36 of 1st period - Goal by Patrick Marleau - Capitals : 2 - Blues : 2.
18:37 of 1st period - Jarome Iginla wins face-off versus Nicklas Backstrom in neutral zone.
18:40 of 1st period - Nicklas Backstrom is hit by Joe Thornton and loses puck.
19:08 of 1st period - Snap shot by Ryan Callahan.
19:08 of 1st period - Stopped by Tuukka Rask without a rebound.
19:09 of 1st period - Brian Boyle wins face-off versus Travis Zajac in Blues zone.
19:24 of 1st period - Snap shot by Drew Stafford.
19:24 of 1st period - Shot Blocked by Tom Preissing.
19:34 of 1st period - Sergei Shirokov is hit by Jarome Iginla.
Goals for this period are 2 for Capitals vs 2 for Blues.
Shots for this period are 6 for Capitals vs 10 for Blues.
2nd period
0:01 of 2nd period - Nicklas Backstrom wins face-off versus Joe Thornton in neutral zone.
0:17 of 2nd period - Zdeno Chara is hit by Sergei Shirokov and loses puck.
0:50 of 2nd period - Wrist shot by Tomas Kopecky.
0:50 of 2nd period - Stopped by Niklas Treutle without a rebound.
0:51 of 2nd period - Nik Antropov wins face-off versus Brian Boyle in Capitals zone.
1:16 of 2nd period - Slapshot by Sergei Shirokov.
1:16 of 2nd period - Stopped by Niklas Treutle without a rebound.
1:17 of 2nd period - Joe Thornton wins face-off versus Nicklas Backstrom in Capitals zone.
1:26 of 2nd period - Snap shot by Joe Thornton.
1:26 of 2nd period - Stopped by Tuukka Rask with a rebound.
1:42 of 2nd period - Chris Phillips is hit by Taylor Hall and loses puck.
2:05 of 2nd period - Snap shot by Ondrej Palat.
2:05 of 2nd period - Shot Blocked by Nik Antropov.
2:08 of 2nd period - Icing by Alex Pietrangelo.
2:09 of 2nd period - Nik Antropov wins face-off versus Brian Boyle in Blues zone.
3:05 of 2nd period - Off-side.
3:06 of 2nd period - Nicklas Backstrom wins face-off versus Joe Thornton in neutral zone.
3:41 of 2nd period - Snap shot by Nicklas Backstrom.
3:41 of 2nd period - Stopped by Niklas Treutle without a rebound.
3:42 of 2nd period - Daniel Briere wins face-off versus Travis Zajac in Capitals zone.
4:09 of 2nd period - Chris Phillips is hit by Paul Kariya and loses puck.
4:52 of 2nd period - Ryan Callahan is hit by Cody Franson and loses puck.
5:14 of 2nd period - Daniel Briere is hit by Taylor Hall.
5:54 of 2nd period - Snap shot by Shane Doan.
5:54 of 2nd period - Stopped by Tuukka Rask without a rebound.
5:55 of 2nd period - Tyler Seguin wins face-off versus Nik Antropov in Blues zone.
6:13 of 2nd period - Icing by Zdeno Chara.
6:14 of 2nd period - Nicklas Backstrom wins face-off versus Tyler Seguin in Capitals zone.
6:15 of 2nd period - Snap shot by Sergei Shirokov.
6:15 of 2nd period - Stopped by Niklas Treutle without a rebound.
6:16 of 2nd period - Nicklas Backstrom wins face-off versus Joe Thornton in Capitals zone.
6:19 of 2nd period - Slapshot by Alex Pietrangelo.
6:19 of 2nd period - Stopped by Niklas Treutle with a rebound.
6:21 of 2nd period - Slapshot by Alex Pietrangelo.
6:21 of 2nd period - Shot Misses the Net.
6:23 of 2nd period - Wrist shot by Sergei Shirokov.
6:23 of 2nd period - Stopped by Niklas Treutle with a rebound.
6:25 of 2nd period - Slapshot by Bryce Lampman.
6:25 of 2nd period - Stopped by Niklas Treutle with a rebound.
6:27 of 2nd period - Slapshot by Bryce Lampman.
6:27 of 2nd period - Deflect By Nicklas Backstrom.
6:27 of 2nd period - Shot Misses the Net.
6:27 of 2nd period - Puck is out of play.
6:28 of 2nd period - Nicklas Backstrom wins face-off versus Joe Thornton in Capitals zone.
6:29 of 2nd period - Slapshot by Alex Pietrangelo.
6:29 of 2nd period - Stopped by Niklas Treutle with a rebound.
6:31 of 2nd period - Minor Penalty to Patrick Marleau for Hooking.
6:32 of 2nd period - Nicklas Backstrom wins face-off versus Joe Thornton in Capitals zone.
6:44 of 2nd period - Off-side.
6:45 of 2nd period - Joe Thornton wins face-off versus Nicklas Backstrom in neutral zone.
8:30 of 2nd period - Taylor Hall is hit by Jarome Iginla and loses puck.
8:31 of 2nd period - Penalty to Patrick Marleau is over, Patrick Marleau is back on ice.
8:46 of 2nd period - Off-side.
8:47 of 2nd period - Tyler Seguin wins face-off versus Kevin Porter in neutral zone.
8:53 of 2nd period - Minor Penalty to Antti Miettinen for Hooking.
8:54 of 2nd period - Nik Antropov wins face-off versus Joe Thornton in Blues zone.
9:08 of 2nd period - Snap shot by Jarome Iginla.
9:08 of 2nd period - Shot Blocked by Bryce Lampman.
9:10 of 2nd period - Snap shot by Jarome Iginla.
9:10 of 2nd period - Stopped by Tuukka Rask with a rebound.
9:40 of 2nd period - Joe Thornton is hit by Drew Stafford and loses puck.
10:17 of 2nd period - Drew Fata is hit by Zdeno Chara and loses puck.
10:53 of 2nd period - Penalty to Antti Miettinen is over, Antti Miettinen is back on ice.
11:09 of 2nd period - Travis Hamonic is hit by Marek Zidlicky and loses puck.
11:24 of 2nd period - Mark Giordano is hit by Travis Hamonic and loses puck.
11:50 of 2nd period - Tomas Kopecky is hit by Ryan Callahan and loses puck.
11:54 of 2nd period - Icing by Tomas Kopecky.
11:55 of 2nd period - Joe Thornton wins face-off versus Nik Antropov in Blues zone.
12:21 of 2nd period - Slapshot by Alex Pietrangelo.
12:21 of 2nd period - Shot Misses the Net.
12:37 of 2nd period - Snap shot by Paul Kariya.
12:37 of 2nd period - Shot Blocked by Tom Preissing.
12:41 of 2nd period - Snap shot by Paul Kariya.
12:41 of 2nd period - Stopped by Niklas Treutle with a rebound.
12:43 of 2nd period - Wrist shot by Antti Miettinen.
12:43 of 2nd period - Stopped by Niklas Treutle with a rebound.
13:08 of 2nd period - Icing by Sergei Shirokov.
13:09 of 2nd period - Nicklas Backstrom wins face-off versus Brian Boyle in Blues zone.
13:09 of 2nd period - Nicklas Backstrom is hit by Ondrej Palat.
13:19 of 2nd period - Wrist shot by David Perron.
13:19 of 2nd period - Stopped by Niklas Treutle with a rebound.
13:21 of 2nd period - Slapshot by Drew Fata.
13:21 of 2nd period - Deflect By David Perron.
13:21 of 2nd period - Shot Misses the Net.
13:21 of 2nd period - Puck is out of play.
13:22 of 2nd period - Travis Zajac wins face-off versus Joe Thornton in Capitals zone.
13:59 of 2nd period - Wrist shot by Daniel Briere.
13:59 of 2nd period - Stopped by Tuukka Rask with a rebound.
14:01 of 2nd period - Minor Penalty to Sergei Shirokov for Hooking.
14:02 of 2nd period - Joe Thornton wins face-off versus Nik Antropov in Blues zone.
14:07 of 2nd period - Wrist shot by Jarome Iginla.
14:07 of 2nd period - Shot Blocked by Bryce Lampman.
14:09 of 2nd period - Snap shot by Joe Thornton.
14:09 of 2nd period - Goal by Joe Thornton - Capitals : 3 - Blues : 2.
14:10 of 2nd period - Nicklas Backstrom wins face-off versus Joe Thornton in neutral zone.
14:22 of 2nd period - Icing by Chris Phillips.
14:23 of 2nd period - Sergei Shirokov wins face-off versus Joe Thornton in Capitals zone.
14:30 of 2nd period - Slapshot by Nicklas Backstrom.
14:30 of 2nd period - Stopped by Niklas Treutle with a rebound.
15:01 of 2nd period - Slapshot by Tom Preissing.
15:01 of 2nd period - Deflect By Joe Thornton.
15:01 of 2nd period - Shot Misses the Net.
15:01 of 2nd period - Puck is out of play.
15:02 of 2nd period - Nicklas Backstrom wins face-off versus Erik Cole in Blues zone.
15:29 of 2nd period - Taylor Hall is hit by Marek Zidlicky and loses puck.
15:34 of 2nd period - Snap shot by Ondrej Palat.
15:34 of 2nd period - Shot Misses the Net.
15:58 of 2nd period - Snap shot by Nik Antropov.
15:58 of 2nd period - Stopped by Niklas Treutle with a rebound.
16:40 of 2nd period - Snap shot by Nicklas Backstrom.
16:40 of 2nd period - Goal by Nicklas Backstrom - Capitals : 3 - Blues : 3.
16:41 of 2nd period - Nicklas Backstrom wins face-off versus Joe Thornton in neutral zone.
17:00 of 2nd period - Joe Thornton is hit by Nicklas Backstrom and loses puck.
17:35 of 2nd period - Wrist shot by Nik Antropov.
17:35 of 2nd period - Stopped by Niklas Treutle with a rebound.
17:53 of 2nd period - Backhand shot by Marek Zidlicky.
17:53 of 2nd period - Shot Misses the Net.
17:55 of 2nd period - Wrist shot by Mike Hoffman.
17:55 of 2nd period - Shot Misses the Net.
17:57 of 2nd period - Slapshot by Tyler Seguin.
17:57 of 2nd period - Shot Blocked by Antti Miettinen.
17:59 of 2nd period - Slapshot by Tom Preissing.
17:59 of 2nd period - Deflect By Kevin Porter.
17:59 of 2nd period - Stopped by Tuukka Rask without a rebound.
18:00 of 2nd period - Nicklas Backstrom wins face-off versus Patrick Marleau in Blues zone.
18:11 of 2nd period - Snap shot by David Perron.
18:11 of 2nd period - Shot Misses the Net.
18:13 of 2nd period - Slapshot by Cody Franson.
18:13 of 2nd period - Stopped by Niklas Treutle with a rebound.
18:28 of 2nd period - Off-side.
18:29 of 2nd period - Daniel Briere wins face-off versus Travis Zajac in neutral zone.
18:55 of 2nd period - Jarome Iginla is hit by Bryce Lampman and loses puck.
19:00 of 2nd period - Snap shot by Sergei Shirokov.
19:00 of 2nd period - Stopped by Niklas Treutle without a rebound.
19:01 of 2nd period - Joe Thornton wins face-off versus Nicklas Backstrom in Capitals zone.
19:16 of 2nd period - Snap shot by David Perron.
19:16 of 2nd period - Goal by David Perron - Capitals : 3 - Blues : 4.
19:17 of 2nd period - Joe Thornton wins face-off versus Nicklas Backstrom in neutral zone.
19:25 of 2nd period - Off-side.
19:26 of 2nd period - Nicklas Backstrom wins face-off versus Joe Thornton in neutral zone.
Goals for this period are 1 for Capitals vs 2 for Blues.
Shots for this period are 6 for Capitals vs 18 for Blues.
3rd period
0:01 of 3rd period - Travis Zajac wins face-off versus Joe Thornton in neutral zone.
0:03 of 3rd period - Off-side.
0:04 of 3rd period - Travis Zajac wins face-off versus Joe Thornton in neutral zone.
0:11 of 3rd period - Snap shot by Joe Thornton.
0:11 of 3rd period - Shot Hit the Post.
0:19 of 3rd period - Snap shot by Patrick Marleau.
0:19 of 3rd period - Shot Misses the Net.
0:28 of 3rd period - Icing by Taylor Hall.
0:29 of 3rd period - Nicklas Backstrom wins face-off versus Daniel Briere in Blues zone.
0:34 of 3rd period - Wrist shot by Alex Pietrangelo.
0:34 of 3rd period - Shot Blocked by Marek Zidlicky.
0:36 of 3rd period - Snap shot by Sergei Shirokov.
0:36 of 3rd period - Stopped by Niklas Treutle without a rebound.
0:37 of 3rd period - Nicklas Backstrom wins face-off versus Jamie Langenbrunner in Capitals zone.
1:03 of 3rd period - Daniel Briere is hit by Drew Stafford and loses puck.
1:36 of 3rd period - Slapshot by Ondrej Palat.
1:36 of 3rd period - Shot Misses the Net.
1:51 of 3rd period - Wrist shot by Tomas Kopecky.
1:51 of 3rd period - Shot Blocked by Chris Phillips.
2:11 of 3rd period - Daniel Briere is hit by Sergei Shirokov and loses puck.
2:52 of 3rd period - Snap shot by Shane Doan.
2:52 of 3rd period - Goal by Shane Doan - Capitals : 4 - Blues : 4.
2:53 of 3rd period - Joe Thornton wins face-off versus Sergei Shirokov in neutral zone.
2:56 of 3rd period - Wrist shot by Patrick Marleau.
2:56 of 3rd period - Deflect By Joe Thornton.
2:56 of 3rd period - Shot Blocked by David Perron.
2:56 of 3rd period - Puck is out of play.
2:57 of 3rd period - Nicklas Backstrom wins face-off versus Joe Thornton in Blues zone.
3:32 of 3rd period - Snap shot by Daniel Briere.
3:32 of 3rd period - Deflect By Erik Cole.
3:32 of 3rd period - Shot Misses the Net.
3:32 of 3rd period - Puck is out of play.
3:33 of 3rd period - Nicklas Backstrom wins face-off versus Daniel Briere in Blues zone.
3:33 of 3rd period - Nicklas Backstrom is hit by Erik Cole.
3:38 of 3rd period - Off-side.
3:39 of 3rd period - Daniel Briere wins face-off versus Nicklas Backstrom in neutral zone.
3:52 of 3rd period - Snap shot by Nicklas Backstrom.
3:52 of 3rd period - Stopped by Niklas Treutle with a rebound.
3:54 of 3rd period - Backhand shot by Sergei Shirokov.
3:54 of 3rd period - Goal by Sergei Shirokov - Capitals : 4 - Blues : 5.
3:55 of 3rd period - Patrick Marleau wins face-off versus Travis Zajac in neutral zone.
4:00 of 3rd period - Wrist shot by Joe Thornton.
4:00 of 3rd period - Stopped by Tuukka Rask with a rebound.
5:25 of 3rd period - Zdeno Chara is hit by David Perron and loses puck.
5:32 of 3rd period - Snap shot by Sergei Shirokov.
5:32 of 3rd period - Stopped by Niklas Treutle with a rebound.
5:34 of 3rd period - Wrist shot by Nicklas Backstrom.
5:34 of 3rd period - Shot Misses the Net.
5:44 of 3rd period - Daniel Briere is hit by Jake Gardiner and loses puck.
6:12 of 3rd period - Snap shot by Ryan Callahan.
6:12 of 3rd period - Stopped by Tuukka Rask with a rebound.
6:14 of 3rd period - Wrist shot by Zdeno Chara.
6:14 of 3rd period - Deflect By Ryan Callahan.
6:14 of 3rd period - Goal by Ryan Callahan - Capitals : 5 - Blues : 5.
6:15 of 3rd period - Joe Thornton wins face-off versus Nicklas Backstrom in neutral zone.
6:22 of 3rd period - Snap shot by Jarome Iginla.
6:22 of 3rd period - Stopped by Tuukka Rask with a rebound.
6:54 of 3rd period - Snap shot by Travis Zajac.
6:54 of 3rd period - Stopped by Niklas Treutle without a rebound.
6:55 of 3rd period - Travis Zajac wins face-off versus Daniel Briere in Capitals zone.
7:42 of 3rd period - Off-side.
7:43 of 3rd period - Brian Boyle wins face-off versus Nik Antropov in neutral zone.
8:09 of 3rd period - Ondrej Palat is hit by Alex Pietrangelo and loses puck.
8:30 of 3rd period - Snap shot by Ondrej Palat.
8:30 of 3rd period - Shot Misses the Net.
8:32 of 3rd period - Backhand shot by Ondrej Palat.
8:32 of 3rd period - Shot Misses the Net.
8:34 of 3rd period - Slapshot by Marek Zidlicky.
8:34 of 3rd period - Shot Blocked by Drew Fata.
8:36 of 3rd period - Snap shot by Ryan Callahan.
8:36 of 3rd period - Stopped by Tuukka Rask without a rebound.
8:37 of 3rd period - Patrick Marleau wins face-off versus Nicklas Backstrom in Blues zone.
9:15 of 3rd period - Slapshot by Patrick Marleau.
9:15 of 3rd period - Stopped by Tuukka Rask without a rebound.
9:16 of 3rd period - Daniel Briere wins face-off versus Travis Zajac in Blues zone.
9:29 of 3rd period - Slapshot by Jake Gardiner.
9:29 of 3rd period - Deflect By Drew Stafford.
9:29 of 3rd period - Shot Blocked by Erik Cole.
9:29 of 3rd period - Puck is out of play.
9:30 of 3rd period - Daniel Briere wins face-off versus Nicklas Backstrom in Capitals zone.
9:36 of 3rd period - Off-side.
9:37 of 3rd period - Nicklas Backstrom wins face-off versus Erik Cole in neutral zone.
9:42 of 3rd period - Zdeno Chara is hit by Bryce Lampman and loses puck.
9:51 of 3rd period - Wrist shot by Daniel Briere.
9:51 of 3rd period - Shot Blocked by Bryce Lampman.
9:53 of 3rd period - Snap shot by Daniel Briere.
9:53 of 3rd period - Stopped by Tuukka Rask without a rebound.
9:54 of 3rd period - Joe Thornton wins face-off versus Travis Zajac in Blues zone.
10:02 of 3rd period - Minor Penalty to Taylor Hall for High sticking.
10:03 of 3rd period - Nik Antropov wins face-off versus Joe Thornton in Blues zone.
12:02 of 3rd period - Penalty to Taylor Hall is over, Taylor Hall is back on ice.
12:58 of 3rd period - Chris Phillips is hit by Nicklas Backstrom and loses puck.
13:09 of 3rd period - Jake Gardiner is hit by Chris Phillips.
13:28 of 3rd period - Tomas Kopecky is hit by Mark Giordano and loses puck.
13:58 of 3rd period - Icing by Taylor Hall.
13:59 of 3rd period - Daniel Briere wins face-off versus Nicklas Backstrom in Blues zone.
14:06 of 3rd period - Wrist shot by Daniel Briere.
14:06 of 3rd period - Shot Blocked by Travis Hamonic.
14:12 of 3rd period - Daniel Briere is hit by David Perron and loses puck.
14:45 of 3rd period - Ondrej Palat is hit by Tomas Kopecky and loses puck.
14:58 of 3rd period - Taylor Pyatt is hit by Brian Boyle and loses puck.
15:34 of 3rd period - Slapshot by Paul Kariya.
15:34 of 3rd period - Shot Misses the Net.
15:36 of 3rd period - Slapshot by Drew Fata.
15:36 of 3rd period - Shot Misses the Net.
16:16 of 3rd period - Wrist shot by David Perron.
16:16 of 3rd period - Shot Misses the Net.
16:20 of 3rd period - Slapshot by Nicklas Backstrom.
16:20 of 3rd period - Shot Misses the Net.
16:36 of 3rd period - Tomas Kopecky is hit by Brian Boyle and loses puck.
16:43 of 3rd period - Snap shot by Ryan Callahan.
16:43 of 3rd period - Shot Blocked by Bryce Lampman.
18:03 of 3rd period - Wrist shot by David Perron.
18:03 of 3rd period - Stopped by Niklas Treutle with a rebound.
18:11 of 3rd period - Slapshot by Zdeno Chara.
18:11 of 3rd period - Shot Misses the Net.
18:21 of 3rd period - Brian Boyle is hit by Taylor Pyatt and loses puck.
18:52 of 3rd period - Travis Hamonic is hit by Tom Preissing and loses puck.
19:31 of 3rd period - Zdeno Chara is hit by Cody Franson and loses puck.
Goals for this period are 2 for Capitals vs 1 for Blues.
Shots for this period are 8 for Capitals vs 6 for Blues.
Overtime #1
0:01 of 1st overtime period - Travis Zajac wins face-off versus Joe Thornton in neutral zone.
0:04 of 1st overtime period - Slapshot by Alex Pietrangelo.
0:04 of 1st overtime period - Shot Misses the Net.
0:14 of 1st overtime period - Wrist shot by Joe Thornton.
0:14 of 1st overtime period - Stopped by Tuukka Rask with a rebound.
0:42 of 1st overtime period - Wrist shot by Ryan Callahan.
0:42 of 1st overtime period - Shot Misses the Net.
1:50 of 1st overtime period - Bryce Lampman is hit by Tom Preissing and loses puck.
1:57 of 1st overtime period - Marek Zidlicky is hit by David Perron and loses puck.
2:14 of 1st overtime period - Marek Zidlicky is hit by Nicklas Backstrom and loses puck.
2:25 of 1st overtime period - Tomas Kopecky is hit by Marek Zidlicky and loses puck.
2:36 of 1st overtime period - Chris Phillips is hit by Tomas Kopecky and loses puck.
3:35 of 1st overtime period - Nicklas Backstrom is hit by Mark Giordano and loses puck.
3:56 of 1st overtime period - Travis Zajac is hit by Erik Karlsson and loses puck.
4:01 of 1st overtime period - Slapshot by Jarome Iginla.
4:01 of 1st overtime period - Shot Misses the Net.
4:03 of 1st overtime period - Wrist shot by Patrick Marleau.
4:03 of 1st overtime period - Shot Misses the Net.
4:05 of 1st overtime period - Wrist shot by Jarome Iginla.
4:05 of 1st overtime period - Deflect By Patrick Marleau.
4:05 of 1st overtime period - Stopped by Tuukka Rask without a rebound.
4:06 of 1st overtime period - Travis Zajac wins face-off versus Joe Thornton in Blues zone.
4:26 of 1st overtime period - Jarome Iginla is hit by Sergei Shirokov and loses puck.
Goals for this period are 0 for Capitals vs 0 for Blues.
Shots for this period are 2 for Capitals vs 0 for Blues.
ShootOut
5:00 of 1st overtime period - Penalty Shot by Joe Thornton for Capitals.
5:00 of 1st overtime period - Deke by Joe Thornton.
5:00 of 1st overtime period - Shot Hit the Post.
5:00 of 1st overtime period - Penalty Shot by David Perron for Blues.
5:00 of 1st overtime period - Deke by David Perron.
5:00 of 1st overtime period - Goal by David Perron.
5:00 of 1st overtime period - Penalty Shot by Daniel Briere for Capitals.
5:00 of 1st overtime period - Backhand shot by Daniel Briere.
5:00 of 1st overtime period - Shot Misses the Net.
5:00 of 1st overtime period - Penalty Shot by Antti Miettinen for Blues.
5:00 of 1st overtime period - Backhand shot by Antti Miettinen.
5:00 of 1st overtime period - Shot Misses the Net.
5:00 of 1st overtime period - Penalty Shot by Jarome Iginla for Capitals.
5:00 of 1st overtime period - Snap shot by Jarome Iginla.
5:00 of 1st overtime period - Stopped by Tuukka Rask.
Back to the Top